 Dungeon Crawl Stone Soup version 0.30-a0-953-g5f1da4a474 (webtiles) character file.

Game seed: 9195871361136112792

53 Lobster4 the Shield-Bearer (level 4, -1/32 HPs)
             Began as a Human Wanderer on Mar 28, 2023.
             Slain by an orc
             ... wielding a +0 dagger
              (3 damage)
             ... on level 3 of the Dungeon.
             The game lasted 00:04:49 (1790 turns).

Lobster4 the Shield-Bearer (Human Wanderer)         Turns: 1790, Time: 00:04:49

Health: -1/32      AC:  7    Str: 12    XL:     4   Next: 10%
Magic:  13/13      EV:  8    Int: 11    God:
Gold:   104        SH:  5    Dex: 16    Spells: 2/3 levels left

rFire   . . .      SeeInvis .    a - +0 short sword
rCold   . . .      Faith    .    c - +0 buckler
rNeg    . . .      Spirit   .    l - +0 scale mail
rPois   .          Reflect  .    (no helmet)
rElec   .          Rampage  .    (no cloak)
rCorr   .                        g - +0 pair of gloves
Will    .....                    (no boots) Stlth
                                 r - amulet of the acrobat
HPRegen 0.25/turn                t - ring of magical power
MPRegen 0.13/turn                (no ring)

@: brilliant
A: no striking features
a: no special abilities


You were on level 3 of the Dungeon.
You visited 1 branch of the dungeon, and saw 3 of its levels.

You collected 104 gold pieces.

Inventory:

Hand Weapons
 a - a +0 short sword (weapon)
 v - a +0 sling
Missiles
 n - 21 stones (quivered)
Armour
 c - a +0 buckler (worn)
 g - a +0 pair of gloves (worn)
 h - a +0 kite shield
 i - a +0 ring mail
 j - a +0 chain mail
 l - a +0 scale mail (worn)
Jewellery
 r - an amulet of the acrobat (around neck)
 t - a ring of magical power (left hand)
Wands
 b - a wand of paralysis (11)
Scrolls
 d - 3 scrolls of teleportation
 f - a scroll of butterflies {unknown}
 k - a scroll of noise {unknown}
 m - a scroll of enchant weapon {unknown}
 s - a scroll of fear {unknown}
 u - a scroll of identify {unknown}
Potions
 e - a potion of brilliance
 o - a potion of lignification {unknown}
 p - a potion of curing {unknown}
 q - a potion of flight {unknown}


   Skills:
 + Level 1.6 Fighting
 - Level 1.0 Short Blades
 + Level 2.3 Throwing
 + Level 0.9 Armour
 + Level 0.0 Dodging
 - Level 1.0 Stealth
 + Level 2.3 Shields
 + Level 0.4 Spellcasting
 + Level 0.7 Conjurations
 + Level 0.6 Air Magic
 - Level 1.0 Invocations
 + Level 2.3 Evocations


You had 2 spell levels left.
You knew the following spells:

 Your Spells              Type           Power      Damage    Failure   Level
a - Shock                 Conj/Air       8%         1d3       88%         1

Your spell library contained the following spells:

 Spells                   Type           Power      Damage    Failure   Level
 Momentum Strike          Conj/Tloc      2%         3d8       97%         2
 Blink                    Tloc           0%         N/A       98%         2
 Lesser Beckoning         Tloc           0%         N/A       98%         2
 Swiftness                Air            2%         N/A       99%         3
 Airstrike                Air            1%         2d(1-17)  100%        4


Dungeon Overview and Level Annotations

Branches:
Dungeon (3/15)

Altars:


Message History

The orc is moderately wounded.
The orc hits you but does no damage.
You hit the orc but do no damage.
The orc is moderately wounded.
The orc hits you but does no damage.
You hit the orc but do no damage.
The orc is moderately wounded.
The orc hits you with a +0 trident. The orc closely misses you.
You closely miss the orc.
The orc is moderately wounded.
The orc hits you with a +0 trident. You block the orc's attack.
You are too injured to fight recklessly!
You hit the orc but do no damage.
The orc is moderately wounded.
The orc barely misses you. The orc hits you but does no damage.
You hit the orc but do no damage.
The orc is moderately wounded.
You block the orc's attack. The orc barely misses you.
You closely miss the orc.
The orc is moderately wounded.
You block the orc's attack. The orc barely misses you.
You completely miss the orc. The orc closely misses you.
You block the orc's attack.
You hit the orc.
The orc is moderately wounded.
The orc hits you with a +0 trident! The orc hits you but does no damage.
You barely miss the orc.
The orc is moderately wounded.
The orc hits you with a +0 trident.
* * * LOW HITPOINT WARNING * * *
The orc hits you but does no damage.
You closely miss the orc.
The orc is moderately wounded.
The orc hits you with a +0 trident.
* * * LOW HITPOINT WARNING * * *
The orc closely misses you.
It was a potion of brilliance.
You feel clever all of a sudden. You block the orc's attack.
The orc hits you with a +0 dagger.
You die...

### #####..
.#... .o. #o#
######### #@#
#####.......#
#o#
...##.#####.#
#.# ##.##.#
#.####.#.#.##
#..<.#
#.............
####.#
#.####.###.##.
#.#####.# #.#
#.......# #..
###..#### ###.


You could see 3 orcs.

Vanquished Creatures
  2 adders
  A dart slug (D:2)
  An orc (D:3)
  2 endoplasms (D:2)
  A giant cockroach (D:2)
  4 hobgoblins
  3 quokkas (D:1)
  3 ball pythons
  6 bats
  2 frilled lizards (D:2)
  A goblin (D:1)
  6 rats
32 creatures vanquished.

Notes
Turn   | Place    | Note
-------+----------+-------------------------------------------
     0 | D:1      | Lobster4 the Human Wanderer began the quest for the Orb.
     0 | D:1      | Lobster4 set off with the following items: a +0 short
                  | sword, a wand of paralysis (11), a +0 buckler, a scroll of
                  | teleportation, a +0 robe.
     0 | D:1      | Reached XP level 1. HP: 15/15 MP: 1/1
   284 | D:1      | Reached XP level 2. HP: 21/21 MP: 2/2
   422 | D:1      | You fall into a shaft and drop 1 floor!
   798 | D:1      | Learned a level 1 spell: Shock
   840 | D:2      | Found a faded altar of an unknown god.
  1011 | D:2      | Reached XP level 3. HP: 26/26 MP: 3/3
  1646 | D:3      | Reached XP level 4. HP: 27/32 MP: 4/4
  1790 | D:3      | Slain by an orc

Illustrated notes

Levels and vault maps discovered:
D:1:      tekkud_arrival_beachfront_property, layout_loops_ring,
          minmay_misc_feat_more_columns
D:2:      layout_loops_ring, ebering_ecumenical_altar_hall
D:3:      layout_loops_ring, mainiacjoe_overflow_cross_hatched,
          gammafunk_ghost_grave, uniq_sigmund

Action                     |  1- 3 |  4- 6 || total
---------------------------+-------+-------++-------
  Melee: Short sword       |   116 |    21 ||   137
  Throw: Stone             |     3 |       ||     3
    Use: Potion            |       |     1 ||     1
   Stab: Sleeping          |     2 |       ||     2
 Armour: Ring mail         |    27 |       ||    27
         Scale mail        |    30 |    10 ||    40
  Dodge: Dodged            |    39 |     8 ||    47
  Block: Buckler           |    21 |     7 ||    28

Table legend: (Time is in decaauts)
 A = Elapsed time spent in this place.
 B = Non-inter-level travel time spent in this place.
 C = Inter-level travel time spent in this place.
 D = Time resting spent in this place.
 E = Time spent auto-exploring this place.
 F = Levels seen in this place.
 G = Mean time per level.
                   A        B        C        D        E       F      G
               +--------+--------+--------+--------+--------+-----+--------+
         Total |   1790 |   1744 |     46 |      0 |   1375 |   3 |  596.7 |
       Dungeon |   1790 |   1744 |     46 |      0 |   1375 |   3 |  596.7 |
               +--------+--------+--------+--------+--------+-----+--------+

Top non-repeatable levels by time:
     D:1: 827 daAuts
     D:2: 798 daAuts
     D:3: 164 daAuts
